 Dungeon Crawl Stone Soup version 0.20-b1-24-gb21faa7 (webtiles) character file.

40 cereshysteria the Charmwright (level 3, -6/32 HPs)
             Began as a Naga Skald on May 25, 2017.
             Mangled by a gnoll (7 damage)
             ... on level 3 of the Dungeon.
             The game lasted 00:04:36 (1191 turns).

cereshysteria the Charmwright (Naga Skald)          Turns: 1191, Time: 00:04:37

Health: -6/32      AC:  3    Str: 13    XL:     3   Next: 50%
Magic:  4/6        EV:  9    Int: 13    God:
Gold:   58         SH:  0    Dex: 13    Spells: 5/6 levels left

rFire    . . .     SeeInvis +   a - +0 spear
rCold    . . .     Gourm    .   (no shield)
rNeg     . . .     Faith    .   k - +0 ring mail
rPois    +         Spirit   .   (no helmet)
rElec    .         Reflect  .   (no cloak)
rCorr    .         Harm     .   (no gloves)
MR       .....                  (no barding)
Stlth    +.........             (no amulet)
Regen    0.1/turn               (no ring)
MPRegen  0.1/turn               (no ring)

@: infused, very slow
A: stinger 1, thin skeletal structure 1, see invisible, deformed body, poison
resistance, slowness 2, slow metabolism 1, spit poison 1, AC +1
a: Spit Poison


You were on level 3 of the Dungeon.
You were not hungry.

You visited 1 branch of the dungeon, and saw 3 of its levels.

You collected 58 gold pieces.

Inventory:

Hand Weapons
 a - a +0 spear (weapon)
Armour
 b - a +0 leather armour
 k - a +0 ring mail (worn)
Scrolls
 g - a scroll of remove curse
 i - a scroll of magic mapping
 l - a scroll of identify {unknown}
Potions
 h - a potion of curing
Books
 c - a book of Battle

   Spells                             Type                      Level
   a - Infusion                       Charms                       1
   b - Shroud of Golubria             Charms/Translocation         2
   c - Song of Slaying                Charms                       2
   d - Spectral Weapon                Hexes/Charms                 3
   e - Regeneration                   Charms/Necromancy            3
Comestibles
 d - a bread ration
 j - 4 meat rations


   Skills:
 + Level 2.0 Fighting
 + Level 2.4 Polearms
 + Level 1.0 Armour
 * Level 2.1 Dodging
 * Level 2.3 Spellcasting
 + Level 3.3 Charms


You had 5 spell levels left.
You knew the following spells:

 Your Spells              Type           Power        Failure   Level  Hunger
a - Infusion              Chrm           ##..         14%         1    #......


Dungeon Overview and Level Annotations

Branches:
Dungeon (3/15)

Altars:


Innate Abilities, Weirdness & Mutations

You cannot wear boots.
Your serpentine skin is tough. (AC +1)
You have supernaturally acute eyesight. (SInv)
Armour fits poorly on your strangely shaped body.
Your system is resistant to poisons. (rPois)
You cover ground very slowly.
You have a slow metabolism.
You can spit poison.
Your tail ends in a poisonous barb.
You have a somewhat thin skeletal structure. (Dex +2, Stealth)


Message History

The gnoll hits you. The gnoll hits you with a club.
* * * LOW HITPOINT WARNING * * *
You barely miss the gnoll.
The gnoll is moderately wounded.
The gnoll hits you.
* * * LOW HITPOINT WARNING * * *
The gnoll hits you but does no damage. The gnoll closely misses you.
The gnoll hits you with a club.
* * * LOW HITPOINT WARNING * * *
You climb upwards.
The hobgoblin hits you but does no damage.
There is a stone staircase leading down here.
The hobgoblin hits you but does no damage.
The gnoll closely misses you.
You climb downwards.
There is a stone staircase leading up here.
You hit the gnoll!
The gnoll is severely wounded.
The gnoll hits you!
You die...

####
...#
..>
#..
#..
#.g##
#@#
#g#
#รท#
#.#
#.#
#..
####


You could see a gnoll and a hobgoblin.

Vanquished Creatures
  A gnoll (D:2)
  An ooze (D:1)
  A dart slug (D:1)
  6 goblins (D:1)
  6 hobgoblins
  3 bats
  2 kobolds
  A rat (D:1)
21 creatures vanquished.

Notes
Turn   | Place    | Note
-------+----------+-------------------------------------------
     0 | D:1      | cereshysteria the Naga Skald began the quest for the Orb.
     0 | D:1      | Reached XP level 1. HP: 19/19 MP: 3/3
   248 | D:1      | Reached XP level 2. HP: 24/26 MP: 5/5
   661 | D:1      | Reached XP level 3. HP: 25/32 MP: 6/6
   826 | D:2      | Reached skill level 1 in Armour
   895 | D:2      | Gained mutation: Your tail ends in a poisonous barb. [potion of mutation]
   895 | D:2      | Gained mutation: You have a somewhat thin skeletal structure. (Dex +2, Stealth) [potion of mutation]
  1187 | D:3      | HP: 1/32 [gnoll/club (1)]
  1191 | D:3      | Mangled by a gnoll

Skill      XL: |  1  2  3 |
---------------+----------+-----
Dodging        | 2 |  2.1
Armour         | 1 |  1.0
Fighting       | |  2.0
Polearms       | |  2.4
Spellcasting   | |  2.3
Charms         | |  3.3

Action                   || total
-------------------------++-------
Melee: Spear             ||    87
       Tailslap          ||     1
 Cast: Infusion          ||     6
 Abil: Spit Poison       ||     1
  Use: Scroll            ||     4
       Potion            ||     3
 Stab: Invisible         ||     2
Armor: Leather armour    ||     5
       Ring mail         ||    31
Dodge: Dodged            ||    66
